3AA
OTTAWA NATIONALS @ ITHACA FIGHTING IMPS
09/02/2037
 
TOP OF THE 1ST
Ottawa Nationals batting - Pitching for Ithaca Fighting Imps : RHP Greg O'Day
Pitching: RHP Greg O'Day
Batting: RHB Glenn Curtis 0-0: Foul Ball, location: 2F
0-1: Fly out, F9 (Line Drive, 9, EV 88.8 MPH)
Batting: RHB Sallvador Rebola 0-0: Ground out 5-3 (Groundball, 56, EV 81.9 MPH)
Batting: LHB Tony Goodwin 0-0: SINGLE (Groundball, 6D, EV 108.1 MPH)
Batting: RHB Jorge Ozezera 0-0: Called Strike
0-1: Ball
1-1: Called Strike
1-2: SINGLE (Line Drive, 78S, EV 94.4 MPH)
Tony Goodwin to second
Runner from 2nd tries for 3rd, OUT! 8-5
Top of the 1st over - 0 runs, 2 hits, 0 errors, 1 left on base; Ottawa 0 - Ithaca 0
BOTTOM OF THE 1ST
Ithaca Fighting Imps batting - Pitching for Ottawa Nationals : LHP Freddy Campos
Pitching: LHP Freddy Campos
Batting: RHB Nelson Rivera 0-0: Called Strike
0-1: Fly out, F9 (Flyball, 89D, EV 102.5 MPH)
Batting: RHB Jimmy Robinson 0-0: Ball
1-0: Called Strike
1-1: Ball
2-1: Ball
3-1: Called Strike
3-2: Foul Ball, location: 2F
3-2: Base on Balls
Batting: RHB Jean Couturier 0-0: Ball
1-0: Ball
2-0: Ball
3-0: Base on Balls
Jimmy Robinson to second
Batting: SHB Alaska Abney 0-0: Called Strike
0-1: Ball
1-1: Foul Ball, location: 2F
1-2: Ball
2-2: Ball
3-2: Strikes out swinging
Batting: RHB Atanza Vongor 0-0: Called Strike
0-1: Called Strike
0-2: Strikes out swinging
Bottom of the 1st over - 0 runs, 0 hits, 0 errors, 2 left on base; Ottawa 0 - Ithaca 0
TOP OF THE 2ND
Ottawa Nationals batting - Pitching for Ithaca Fighting Imps : RHP Greg O'Day
Batting: RHB Rey McSriff 0-0: Ball
1-0: Called Strike
1-1: Ball
2-1: Ball
3-1: Foul Ball, location: 2F
3-2: Ground out 5-3 (Groundball, 56, EV 85.0 MPH)
Batting: RHB Kazunari Mizuno 0-0: Foul Ball, location: 2F
0-1: Foul Ball, location: 2F
0-2: Foul Ball, location: 2F
0-2: Ball
1-2: Strikes out looking
Batting: SHB Júlio Moreno 0-0: Ball
1-0: Fly out, F8 (Flyball, 89D, EV 79.4 MPH)
Top of the 2nd over - 0 runs, 0 hits, 0 errors, 0 left on base; Ottawa 0 - Ithaca 0
BOTTOM OF THE 2ND
Ithaca Fighting Imps batting - Pitching for Ottawa Nationals : LHP Freddy Campos
Batting: LHB Pedro Reyes 0-0: SINGLE (Groundball, 4D, EV 105.0 MPH)
Batting: RHB Pablo Álvarez 0-0: Ball
1-0: Ball
2-0: SINGLE (Line Drive, 9S, EV 98.8 MPH)
Pedro Reyes to second
Batting: LHB Donald McJannett 0-0: Ball
1-0: Ball
2-0: Ball
3-0: Base on Balls
Pedro Reyes to third
Pablo Álvarez to second
Batting: RHB J.J. Holmes 0-0: Ball
1-0: Ball
2-0: Ball
3-0: Base on Balls
Pedro Reyes scores
Pablo Álvarez to third
Donald McJannett to second
Batting: RHB Nelson Rivera 0-0: Called Strike
0-1: Ball
1-1: Ball
2-1: Ball
3-1: Fly out, F4 (Flyball, 34D, EV 83.8 MPH)
Batting: RHB Jimmy Robinson 0-0: Called Strike
0-1: Foul Ball, location: 2F
0-2: Foul Ball, location: 2F
0-2: SINGLE (Line Drive, 6MD, EV 95.6 MPH)
Pablo Álvarez scores
Donald McJannett to third
J.J. Holmes to second
Batting: RHB Jean Couturier 0-0: Ball
1-0: Ball
2-0: Grounds into double play, 5-4-3 (Groundball, 56, EV 83.1 MPH)
Bottom of the 2nd over - 2 runs, 3 hits, 0 errors, 2 left on base; Ottawa 0 - Ithaca 2
TOP OF THE 3RD
Ottawa Nationals batting - Pitching for Ithaca Fighting Imps : RHP Greg O'Day
Batting: RHB Manuel Vroonland 0-0: Called Strike
0-1: Ball
1-1: Ball
2-1: DOUBLE (Flyball, 8LXD, EV 96.9 MPH)
Batting: RHB Gary Goodwin 0-0: Ball
1-0: Foul Ball, location: 2F
1-1: Ground out 6-3 (Groundball, 6, EV 85.0 MPH)
Batting: RHB Glenn Curtis 0-0: Ball
1-0: Foul Ball, location: 2F
1-1: Ball
2-1: Foul Ball, location: 2F
2-2: Ball
3-2: Strikes out swinging
Batting: RHB Sallvador Rebola 0-0: Foul Ball, location: 2F
0-1: Foul Ball, location: 2F
0-2: Ball
1-2: Foul Ball, location: 2F
1-2: Strikes out swinging
Top of the 3rd over - 0 runs, 1 hit, 0 errors, 1 left on base; Ottawa 0 - Ithaca 2
BOTTOM OF THE 3RD
Ithaca Fighting Imps batting - Pitching for Ottawa Nationals : LHP Freddy Campos
Batting: SHB Alaska Abney 0-0: Ball
1-0: Ball
2-0: Called Strike
2-1: Called Strike
2-2: Ball
3-2: Base on Balls
Batting: RHB Atanza Vongor 0-0: Ball
1-0: Ball
2-0: Ball
3-0: Base on Balls
Alaska Abney to second
Batting: LHB Pedro Reyes 0-0: Ball
1-0: Foul Ball, location: 2F
1-1: Ball
2-1: Foul Ball, location: 2F
2-2: Ball
3-2: Foul Ball, location: 2F
3-2: Base on Balls
Alaska Abney to third
Atanza Vongor to second
Batting: RHB Pablo Álvarez 0-0: Called Strike
0-1: Grounds into double play, 6-4-3 (Groundball, 6, EV 89.4 MPH)
Alaska Abney scores
Atanza Vongor to third
Batting: LHB Donald McJannett 0-0: Ground out 6-3 (Groundball, 6, EV 85.0 MPH)
Bottom of the 3rd over - 1 run, 0 hits, 0 errors, 1 left on base; Ottawa 0 - Ithaca 3
TOP OF THE 4TH
Ottawa Nationals batting - Pitching for Ithaca Fighting Imps : RHP Greg O'Day
Batting: LHB Tony Goodwin 0-0: Ground out 1-3 (Groundball, 34S, EV 62.5 MPH)
Batting: RHB Jorge Ozezera 0-0: Swinging Strike
0-1: Ball
1-1: Fly out, F7 (Flyball, 7LM, EV 93.1 MPH)
Batting: RHB Rey McSriff 0-0: Foul Ball, location: 2F
0-1: Ball
1-1: Foul Ball, location: 2F
1-2: Foul Ball, location: 2F
1-2: SINGLE (Line Drive, 78S, EV 98.1 MPH)
Batting: RHB Kazunari Mizuno 0-0: Ball
1-0: Ball
2-0: Ball
3-0: Called Strike
3-1: Base on Balls
Rey McSriff to second
Batting: SHB Júlio Moreno 0-0: Called Strike
0-1: Called Strike
0-2: Ball
1-2: Strikes out swinging
Top of the 4th over - 0 runs, 1 hit, 0 errors, 2 left on base; Ottawa 0 - Ithaca 3
BOTTOM OF THE 4TH
Ithaca Fighting Imps batting - Pitching for Ottawa Nationals : LHP Freddy Campos
Batting: RHB J.J. Holmes 0-0: Foul Ball, location: 2F
0-1: Called Strike
0-2: Ball
1-2: Ball
2-2: Foul Ball, location: 2F
2-2: Fly out, F7 (Flyball, 7S, EV 91.2 MPH)
Batting: RHB Nelson Rivera 0-0: Called Strike
0-1: SINGLE (Groundball, 56D, EV 97.5 MPH)
Batting: RHB Jimmy Robinson 0-0: Called Strike
0-1: Swinging Strike
0-2: Strikes out looking
Batting: RHB Jean Couturier 0-0: Ball
1-0: Ground out 4-3 (Groundball, 4, EV 84.4 MPH)
Bottom of the 4th over - 0 runs, 1 hit, 0 errors, 1 left on base; Ottawa 0 - Ithaca 3
TOP OF THE 5TH
Ottawa Nationals batting - Pitching for Ithaca Fighting Imps : RHP Greg O'Day
Batting: RHB Manuel Vroonland 0-0: Ball
1-0: Ball
2-0: Swinging Strike
2-1: Ground out 3-1 (Groundball, 34, EV 103.8 MPH)
Batting: RHB Gary Goodwin 0-0: Ball
1-0: Swinging Strike
1-1: Swinging Strike
1-2: Ball
2-2: Ball
3-2: Strikes out swinging
Batting: RHB Glenn Curtis 0-0: Ball
1-0: Called Strike
1-1: Ball
2-1: Ball
3-1: Swinging Strike
3-2: Ground out U3 (Groundball, 34, EV 101.9 MPH)
Top of the 5th over - 0 runs, 0 hits, 0 errors, 0 left on base; Ottawa 0 - Ithaca 3
BOTTOM OF THE 5TH
Ithaca Fighting Imps batting - Pitching for Ottawa Nationals : LHP Freddy Campos
Batting: SHB Alaska Abney 0-0: Called Strike
0-1: Ball
1-1: Ground out 5-3 (Groundball, 56, EV 100.0 MPH)
Pitching: RHP Lucho Pousa
Batting: RHB Atanza Vongor 0-0: Ball
1-0: Called Strike
1-1: Ball
2-1: Ball
3-1: Base on Balls
Batting: LHB Pedro Reyes 0-0: Ball
1-0: Ball
2-0: Foul Ball, location: 2F
2-1: Swinging Strike
2-2: SINGLE (Groundball, 6MD, EV 100.0 MPH)
Atanza Vongor to second
Runner from 2nd tries for 3rd, SAFE, no throw by CF
Batting: RHB Pablo Álvarez 0-0: Ball
1-0: Called Strike
1-1: Swinging Strike
1-2: Ball
2-2: Foul Ball, location: 2F
2-2: Grounds into double play, 4-6-3 (Groundball, 4, EV 101.2 MPH)
Bottom of the 5th over - 0 runs, 1 hit, 0 errors, 1 left on base; Ottawa 0 - Ithaca 3
TOP OF THE 6TH
Ottawa Nationals batting - Pitching for Ithaca Fighting Imps : RHP Greg O'Day
Batting: RHB Sallvador Rebola 0-0: Called Strike
0-1: Foul Ball, location: 2F
0-2: Ball
1-2: Ground out 6-3 (Groundball, 6, EV 104.4 MPH)
Batting: LHB Tony Goodwin 0-0: Swinging Strike
0-1: Foul Ball, location: 2F
0-2: Strikes out looking
Batting: RHB Jorge Ozezera 0-0: Ball
1-0: Foul Ball, location: 2F
1-1: Ball
2-1: Ball
3-1: Foul Ball, location: 2F
3-2: DOUBLE (Line Drive, 9LM, EV 106.9 MPH)
Batting: RHB Rey McSriff 0-0: Ground out 6-3 (Groundball, 6S, EV 87.5 MPH)
Top of the 6th over - 0 runs, 1 hit, 0 errors, 1 left on base; Ottawa 0 - Ithaca 3
BOTTOM OF THE 6TH
Ithaca Fighting Imps batting - Pitching for Ottawa Nationals : RHP Lucho Pousa
Batting: LHB Donald McJannett 0-0: Foul Ball, location: 2F
0-1: Ball
1-1: Foul Ball, location: 2F
1-2: Ball
2-2: Foul Ball, location: 2F
2-2: Foul Ball, location: 2F
2-2: Ground out 4-3 (Groundball, 4, EV 103.8 MPH)
Batting: RHB J.J. Holmes 0-0: Swinging Strike
0-1: Foul Ball, location: 2F
0-2: Foul Ball, location: 2F
0-2: Ball
1-2: Strikes out swinging
Batting: RHB Nelson Rivera 0-0: Ball
1-0: Ball
2-0: Fly out, F9 (Flyball, 9LS, EV 86.9 MPH)
Bottom of the 6th over - 0 runs, 0 hits, 0 errors, 0 left on base; Ottawa 0 - Ithaca 3
TOP OF THE 7TH
Ottawa Nationals batting - Pitching for Ithaca Fighting Imps : RHP Greg O'Day
Batting: RHB Kazunari Mizuno 0-0: Called Strike
0-1: Ball
1-1: Called Strike
1-2: Foul Ball, location: 2F
1-2: Ball
2-2: Ground out 4-3 (Groundball, 4, EV 88.1 MPH)
Batting: SHB Júlio Moreno 0-0: Ground out 4-3 (Groundball, 4, EV 87.5 MPH)
Batting: RHB Manuel Vroonland 0-0: Called Strike
0-1: Ball
1-1: Ball
2-1: Fly out, F8 (Flyball, 8LXD, EV 110.6 MPH)
Top of the 7th over - 0 runs, 0 hits, 0 errors, 0 left on base; Ottawa 0 - Ithaca 3
BOTTOM OF THE 7TH
Ithaca Fighting Imps batting - Pitching for Ottawa Nationals : RHP Lucho Pousa
Batting: RHB Jimmy Robinson 0-0: Ball
1-0: Foul Ball, location: 2F
1-1: Ball
2-1: Foul Ball, location: 2F
2-2: Foul Ball, location: 2F
2-2: Fly out, F9 (Flyball, 9, EV 91.9 MPH)
Batting: RHB Jean Couturier 0-0: Ball
1-0: Called Strike
1-1: Ball
2-1: Foul Ball, location: 2F
2-2: Foul Ball, location: 2F
2-2: Ball
3-2: Foul Ball, location: 2F
3-2: Base on Balls
Pitching: RHP Ken Dundee
Batting: SHB Alaska Abney 0-0: Fly out, F7 (Flyball, 78S, EV 93.8 MPH)
Batting: RHB Atanza Vongor 0-0: Ball
1-0: Ball
2-0: Ball
3-0: Base on Balls
Jean Couturier to second
Batting: LHB Pedro Reyes 0-0: Ball
1-0: Ball
2-0: Ball
3-0: Called Strike
3-1: Fly out, F8 (Flyball, 8RXD, EV 90.6 MPH)
Bottom of the 7th over - 0 runs, 0 hits, 0 errors, 2 left on base; Ottawa 0 - Ithaca 3
TOP OF THE 8TH
Ottawa Nationals batting - Pitching for Ithaca Fighting Imps : RHP Greg O'Day
Batting: RHB Gary Goodwin 0-0: Ball
1-0: SOLO HOME RUN (Flyball, 78XD, EV 95.0 MPH), Distance : 399 ft
Pitching: RHP Austin Bizzle
Batting: RHB Glenn Curtis 0-0: Ball
1-0: Called Strike
1-1: Ground out 6-3 (Groundball, 6M, EV 98.8 MPH)
Batting: RHB Sallvador Rebola 0-0: Ball
1-0: Foul Ball, location: 2F
1-1: Swinging Strike
1-2: Strikes out looking
Batting: LHB Tony Goodwin 0-0: Ball
1-0: Foul Ball, location: 2F
1-1: Ball
2-1: Ball
3-1: Foul Ball, location: 2F
3-2: Fly out, F8 (Line Drive, 8LD, EV 101.9 MPH)
Top of the 8th over - 1 run, 1 hit, 0 errors, 0 left on base; Ottawa 1 - Ithaca 3
BOTTOM OF THE 8TH
Ithaca Fighting Imps batting - Pitching for Ottawa Nationals : RHP Ken Dundee
Batting: RHB Pablo Álvarez 0-0: Ball
1-0: Ball
2-0: Swinging Strike
2-1: Swinging Strike
2-2: Ball
3-2: Foul Ball, location: 2F
3-2: Foul Ball, location: 2F
3-2: Strikes out swinging
Batting: LHB Donald McJannett 0-0: Foul Ball, location: 2F
0-1: Swinging Strike
0-2: Ball
1-2: Strikes out swinging
Batting: RHB J.J. Holmes 0-0: Called Strike
0-1: Foul Ball, location: 2F
0-2: Ground out 4-3 (Groundball, 4, EV 100.6 MPH)
Bottom of the 8th over - 0 runs, 0 hits, 0 errors, 0 left on base; Ottawa 1 - Ithaca 3
TOP OF THE 9TH
Ottawa Nationals batting - Pitching for Ithaca Fighting Imps : RHP Austin Bizzle
Pitching: LHP Jeffery Brock
Batting: RHB Jorge Ozezera 0-0: Swinging Strike
0-1: Foul Ball, location: 2F
0-2: Ball
1-2: Strikes out swinging
Batting: RHB Rey McSriff SINGLE.
Batting: RHB Kazunari Mizuno 0-0: Called Strike
0-1: SINGLE (Groundball, 6MD, EV 95.6 MPH)
Rey McSriff to second
Batting: SHB Júlio Moreno 0-0: Swinging Strike
0-1: Fly out, F3 (Line Drive, 3, EV 73.1 MPH)
Batting: RHB Manuel Vroonland 0-0: Swinging Strike
0-1: Called Strike
0-2: Foul Ball, location: 2F
0-2: Strikes out looking
Top of the 9th over - 0 runs, 2 hits, 0 errors, 2 left on base; Ottawa 1 - Ithaca 3
Thursday, January 23rd, 2020 - OOTP Baseball 20.8 Build 74